 Dungeon Crawl Stone Soup version 0.22-a0-848-ge9e22a0 (webtiles) character file.

15406 Supahsalami the Basher (level 12, 0/77 HPs)
             Began as a Gargoyle Fighter on July 27, 2018.
             Was a High Priest of Okawaru.
             Killed from afar by a rime drake (13 damage)
             ... with a flash freeze
             ... on level 2 of the Lair of Beasts.
             The game lasted 00:41:07 (12340 turns).

Supahsalami the Basher (Gargoyle Fighter)          Turns: 12340, Time: 00:41:08

Health: 0/77       AC: 24    Str: 22    XL:     12   Next: 26%
Magic:  12/12      EV:  7    Int: 14    God:    Okawaru [*****.]
Gold:   448        SH: 12    Dex: 10    Spells: 11/11 levels left

rFire    x . .     SeeInvis +   V - +1 morningstar of Resourcefulness {distort, *Rage rF- rC+++ Stlth+}
rCold    + + +     Gourm    .   c - +0 shield
rNeg     + + .     Faith    +   S - +0 chain mail
rPois    ∞         Spirit   .   D - +0 helmet {Int+3}
rElec    +         Reflect  .   C - +0 cloak
rCorr    .         Harm     .   g - +0 pair of gloves
MR       .....     Rnd*Rage +   (no boots)
Stlth    ..........             R - amulet of faith
HPRegen  0.22/turn              G - ring of see invisible
MPRegen  0.13/turn              J - ring of positive energy

@: no status effects
A: negative energy resistance 1, electricity resistance, unbreathing,
petrification resistance, rot immunity, AC +8
a: Heroism, Finesse, Renounce Religion


You were on level 2 of the Lair of Beasts.
You worshipped Okawaru.
Okawaru was extremely pleased with you.
You were hungry.

You visited 4 branches of the dungeon, and saw 14 of its levels.

You collected 864 gold pieces.
You spent 416 gold pieces at shops.

Inventory:

Hand Weapons
 E - a +1 trident of flaming
 P - a +4 morningstar of draining
 V - the +1 morningstar of Resourcefulness (weapon) {distort, *Rage rF- rC+++ Stlth+}
   (Okawaru gifted it to you on level 8 of the Dungeon)

   It warps and distorts space around it.
   Unwielding it can cause banishment or high damage.
   It makes you vulnerable to fire.
   It renders you almost immune to cold.
   It may make you go berserk in combat.
   It makes you more stealthy.
 W - the +2 great mace of Dawodes {vamp, rElec Int+4 Stlth-, unknown}
   (Okawaru gifted it to you on level 2 of the Lair of Beasts)

   It inflicts no extra harm, but heals its wielder when it wounds a living foe.
   It affects your intelligence (+4).
   It insulates you from electricity.
   It makes you less stealthy.
Missiles
 v - 4 steel tomahawks
 x - 11 tomahawks (quivered)
 z - a throwing net
 H - 151 stones
 K - 4 javelins of returning
 U - 2 tomahawks of returning
Armour
 c - a +0 shield (worn)
 g - a +0 pair of gloves (worn)
 j - a scarf of cloud immunity
 m - a +1 hat
 B - a +0 large shield
 C - a +0 cloak (worn)
 D - a +0 helmet of intelligence (worn)
 S - a +0 chain mail (worn)
Jewellery
 G - a ring of see invisible (left hand)
 J - a ring of positive energy (right hand)
 R - an amulet of faith (around neck)
 X - a +2 ring of protection {unknown}
Wands
 p - a wand of acid (15)
 u - a wand of clouds (6)
 y - a wand of paralysis (19)
 A - a wand of polymorph (10)
 L - a wand of iceblast (10)
 O - a wand of random effects (75)
Scrolls
 a - a scroll of enchant weapon
 h - 9 scrolls of teleportation
 i - 2 scrolls of noise
 k - 10 scrolls of remove curse
 n - 3 scrolls of enchant armour
 o - 2 scrolls of fog {unknown}
 r - 7 scrolls of amnesia
 w - 2 scrolls of immolation {unknown}
 I - a scroll of fear {unknown}
 N - 2 scrolls of vulnerability {unknown}
 Q - a scroll of magic mapping {unknown}
Potions
 b - a potion of haste
 d - a potion of might
 e - 6 potions of curing
 l - 2 potions of cancellation
 q - 3 potions of heal wounds
 s - 4 potions of flight
 t - a potion of invisibility
 F - a potion of magic
 M - 2 potions of brilliance
Comestibles
 f - 21 rations
 T - 12 chunks of flesh


   Skills:
 + Level 10.1 Fighting
 * Level 12.4 Maces & Flails
 + Level 10.2 Armour
 + Level 10.2 Shields


You had 11 spell levels left.
You didn't know any spells.
Your spell library contained the following spells:

 Spells                   Type           Power        Failure   Level  Hunger
 Stone Arrow              Conj/Erth      #.....       100%        3    ####...
 Passwall                 Tmut/Erth      #.......     99%         2    ###....
 Lee's Rapid Deconstruct  Erth           #.........   100%        5    ######.
 Sandblast                Erth           #.....       97%         1    ##.....
 Petrify                  Tmut/Erth      #.......     100%        4    #####..


Dungeon Overview and Level Annotations

Branches:
Dungeon (10/15)            Temple (1/1) D:6            Lair (2/6) D:8
  Snake (0/4) Lair:2          Orc (1/2) D:9
  Swamp: Lair:2-4    Shoals: Lair:2-4

Altars:
Ashenzari
Cheibriados
Dithmenos
Elyvilon
Fedhas
Gozag
Hepliaklqana
Kikubaaqudgha
Makhleb
Nemelex Xobeh
Okawaru
Qazlal
Ru
Sif Muna
Trog
Uskayaw
Vehumet
Wu Jian
Xom
Yredelemnul
Zin
The Shining One
Beogh

Shops:
D:9 !

Annotations:
D:10 1 runed door, exclusion: door
Orc:1 Maurice, Snorg


Innate Abilities, Weirdness & Mutations

You are resistant to torment.
Your stone body is resilient. (AC +8)
You are immune to poison.
You resist negative energy. (rN+)
You are resistant to electric shocks. (rElec)
You can survive without breathing.
You are immune to petrification.
You are immune to rotting.


Message History

The rime drake bites you but does no damage. x2
The ice encasing you melts away.
The steam dragon bites the plant but does no damage.
The steam dragon claws the plant but does no damage.
The steam dragon bites the plant!
The steam dragon claws the plant but does no damage.
The rime drake breathes ice at you. The flash freeze hits you!
You partially resist.
* * * LOW HITPOINT WARNING * * *
You are encased in ice.
The steam dragon completely misses something.
The steam dragon claws something but does no damage.
The steam dragon bites something.
The steam dragon claws something but does no damage.
You feel better.
The rime drake bites you but does no damage.
The ice encasing you melts away. The rime drake breathes ice at you.
The flash freeze hits you! You partially resist.
You die...

#P......###...........###..
#.......##.....#.#PP.#P...#
####.....#..............P
####....P......##### #.##
#.....†..P....## #..#
.........##....P# ### #..>
##..#.######..P.# #P. ####.
##### ##.<.#..##..###.#..
##.@###.#.....# #... #####
#.kP.###..##..# #...
#P#P#####k...#.#.###.###...
#..DD.D...>................
#.k#######....###..#.###...
#.## ##.##.##.##..###... #
####.# #..###(.......##...
.##. #.D#
##.##P.............
...###..##
#####.###....#####....


You could see 2 rime drakes.

Vanquished Creatures
  2 hydras (Lair:1)
  Nergalle (Lair:2)
  An unseen horror (D:10)
  An oklob plant (Lair:1)
  A spiny frog (Lair:2)
  4 rime drakes (Lair:2)
  2 komodo dragons
  Prince Ribbit (D:5)
  Grinder (D:5)
  A troll (D:10)
  3 hippogriffs
  A wraith (D:9)
  6 yaks (D:8)
  A basilisk (Lair:1)
  3 wyverns
  Menkaure (D:7)
  Edmund (D:5)
  6 water moccasins
  6 porcupines
  3 ice beasts
  6 orc warriors
  3 black bears (D:8)
  7 sky beasts
  A necrophage (D:10)
  8 ogres
  2 centaurs
  4 crocodiles
  8 bullfrogs
  A wyvern skeleton (D:8)
  4 scorpions
  4 killer bees (D:7)
  8 wights
  A crimson imp (D:10)
  10 howler monkeys
  A centaur zombie (D:9)
  A quasit (D:10)
  A hound (shapeshifter) (D:9)
  4 jellies
  A bullfrog zombie (D:10)
  4 orc priests
  7 orc wizards
  4 bullfrog skeletons
  A gnoll shaman (D:4)
  3 iguanas
  Crazy Yiuf (D:5)
  Natasha (thrice) (D:3)
  7 worker ants
  Robin (D:3)
  A howler monkey zombie (D:6)
  6 gnolls
  10 adders
  4 shadow imps
  7 oozes
  4 adder zombies
  5 worms
  3 dart slugs
  3 leopard geckos
  46 orcs
  4 giant cockroaches
  10 hobgoblins
  16 jackals
  2 kobolds
  3 quokkas
  A ball python (Lair:2)
  7 bats
  8 frilled lizards
  17 goblins
  A jackal zombie (D:7)
  A leopard gecko zombie (D:5)
  9 rats
  A fungus (Lair:2)
321 creatures vanquished.

Vanquished Creatures (others)
  A rime drake (Lair:2)
  A komodo dragon (Lair:1)
  A basilisk (Lair:2)
  5 fungi (D:8)
  3 plants
11 creatures vanquished.

Grand Total: 332 creatures vanquished

Notes
Turn   | Place    | Note
-------+----------+-------------------------------------------
     0 | D:1      | Supahsalami the Gargoyle Fighter began the quest for the Orb.
     0 | D:1      | Reached XP level 1. HP: 14/14 MP: 1/1
   260 | D:1      | Reached XP level 2. HP: 18/19 MP: 2/2
   641 | D:1      | Reached XP level 3. HP: 23/23 MP: 3/3
  1083 | D:2      | Found an opulent altar of Gozag.
  1295 | D:2      | Found a sacrificial altar of Ru.
  1538 | D:2      | Reached skill level 3 in Maces & Flails
  1754 | D:2      | Found a sparkling altar of Nemelex Xobeh.
  1763 | D:2      | Reached XP level 4. HP: 26/29 MP: 4/4
  2263 | D:3      | Noticed Natasha
  2270 | D:3      | Killed Natasha
  2270 | D:3      | Reached XP level 5. HP: 24/33 MP: 5/5
  2330 | D:3      | Noticed Natasha
  2340 | D:3      | Killed Natasha
  2622 | D:3      | Noticed Natasha
  2630 | D:3      | Killed Natasha
  2826 | D:3      | Noticed Robin
  2854 | D:3      | Killed Robin
  2854 | D:3      | Reached skill level 4 in Maces & Flails
  2889 | D:3      | Reached XP level 6. HP: 33/38 MP: 6/6
  3320 | D:4      | Found a hide-covered altar of Uskayaw.
  3674 | D:4      | Reached XP level 7. HP: 44/44 MP: 7/7
  3812 | D:4      | Found an ancient bone altar of Kikubaaqudgha.
  3831 | D:4      | Reached skill level 5 in Maces & Flails
  3979 | D:4      | Reached skill level 5 in Shields
  4037 | D:4      | Reached skill level 5 in Armour
  4115 | D:4      | Found a shattered altar of Ashenzari.
  4162 | D:5      | Entered Level 5 of the Dungeon
  4267 | D:5      | Reached skill level 5 in Fighting
  4437 | D:5      | Noticed Edmund
  4450 | D:5      | Killed Edmund
  4490 | D:5      | Reached XP level 8. HP: 26/49 MP: 8/8
  4650 | D:5      | Noticed Grinder
  4657 | D:5      | Reached skill level 6 in Maces & Flails
  4663 | D:5      | Paralysed by Grinder for 3 turns
  4676 | D:5      | Killed Grinder
  4800 | D:5      | Noticed Prince Ribbit
  4880 | D:5      | Found a runed door.
  4884 | D:5      | Noticed Crazy Yiuf
  4888 | D:5      | Killed Crazy Yiuf
  5048 | D:5      | Killed Prince Ribbit
  5352 | D:6      | Reached skill level 7 in Maces & Flails
  5416 | D:6      | Reached XP level 9. HP: 45/55 MP: 9/9
  5474 | D:6      | Found a staircase to the Ecumenical Temple.
  5492 | Temple   | Entered the Ecumenical Temple
  5598 | Temple   | Became a worshipper of Warmaster Okawaru
  5845 | D:6      | Found a blossoming altar of Fedhas.
  6360 | D:7      | Reached skill level 8 in Maces & Flails
  6502 | D:7      | Noticed Menkaure
  6506 | D:7      | Killed Menkaure
  6506 | D:7      | Reached * piety under Okawaru
  7295 | D:8      | Reached ** piety under Okawaru
  7457 | D:8      | Found a white marble altar of Elyvilon.
  7490 | D:8      | Reached skill level 9 in Maces & Flails
  7490 | D:8      | Reached XP level 10. HP: 42/63 MP: 10/10
  7697 | D:8      | Found a staircase to the Lair.
  8017 | D:8      | Found a deep blue altar of Sif Muna.
  8311 | D:9      | Found a staircase to the Orcish Mines.
  8570 | D:9      | Reached skill level 10 in Maces & Flails
  8615 | D:9      | Reached *** piety under Okawaru
  8799 | D:9      | Found a roughly hewn altar of Beogh.
  9073 | D:9      | Found Suddudgh's Distillery.
  9081 | D:9      | Bought a potion of curing for 39 gold pieces
  9081 | D:9      | Bought a potion of heal wounds for 65 gold pieces
  9081 | D:9      | Bought a potion of haste for 130 gold pieces
  9081 | D:9      | Bought 2 potions of curing for 78 gold pieces
  9081 | D:9      | Bought a potion of cancellation for 104 gold pieces
  9124 | D:10     | Entered Level 10 of the Dungeon
  9126 | D:10     | Noticed an unseen horror
  9138 | D:10     | Killed an unseen horror
  9138 | D:10     | Reached **** piety under Okawaru
  9138 | D:10     | Reached XP level 11. HP: 69/69 MP: 11/11
  9198 | D:10     | Received a gift from Okawaru
  9345 | D:10     | Found a runed door.
  9345 | D:10     | Noticed a sphinx
  9345 | D:10     | Noticed an ettin
  9347 | D:10     | Noticed a wolf spider
  9347 | D:10     | Noticed a stone giant
  9347 | D:10     | Noticed a fire giant
  9347 | D:10     | Noticed a deep elf knight
  9945 | Orc:1    | Entered Level 1 of the Orcish Mines
 10052 | Orc:1    | Reached skill level 11 in Maces & Flails
 10133 | Orc:1    | Noticed Maurice
 10134 | Orc:1    | Noticed Snorg
 10235 | Lair:1   | Entered Level 1 of the Lair of Beasts
 10248 | D:8      | Reached ***** piety under Okawaru
 10347 | D:8      | Received a gift from Okawaru
 10355 | D:8      | Got a transparent morningstar {god gift}
 10356 | D:8      | Identified the +1 morningstar of Resourcefulness {distort, *Rage rF- rC+++ Stlth+} (Okawaru gifted it to you on level 8 of the Dungeon)
 10670 | Lair:1   | Noticed a seven-headed hydra
 10697 | Lair:1   | Killed a seven-headed hydra
 11002 | Lair:1   | Noticed a seven-headed hydra
 11010 | Lair:1   | Killed a seven-headed hydra
 11121 | Lair:1   | Noticed an oklob plant
 11459 | Lair:1   | Killed an oklob plant
 11783 | Lair:2   | Received a gift from Okawaru
 11788 | Lair:2   | Got a slimy great mace {god gift}
 11797 | Lair:2   | Found a staircase to the Snake Pit.
 11825 | Lair:2   | Noticed Nergalle
 11841 | Lair:2   | Killed Nergalle
 11841 | Lair:2   | Reached skill level 12 in Maces & Flails
 11841 | Lair:2   | Reached skill level 10 in Shields
 11841 | Lair:2   | Reached XP level 12. HP: 54/77 MP: 9/12
 11973 | Lair:2   | Reached skill level 10 in Armour
 12089 | Lair:2   | Reached skill level 10 in Fighting
 12340 | Lair:2   | Killed from afar by a rime drake

Vault maps used:
D:1:      giann_wishing_wells, serial_bayou_pond_a, minmay_misc_feat_square,
          minmay_fountain_box
D:2:      nicolae_gozag_cash_rules_everything_around_me,
          nemelex_xobeh_ov_fountains_minmay, nicolae_ru_path_of_blood,
          chequers_big_river
D:3:      minmay_liquid_box, minmay_misc_feat_alley, kennysheep_generic_room_11,
          uniq_robin, uniq_natasha
D:4:      lemuel_coloured_pillars_altar, nicolae_overflow_crystal_walls,
          eat_drink_and_be_merry_uskayaw
D:5:      first_ration, minmay_crystal_water, uniq_edmund, uniq_prince_ribbit1,
          uniq_grinder, uniq_crazy_yiuf_cottage
D:6:      minmay_temple_entry_statues_fountains, kennysheep_nondescript,
          fedhas_altar_1
D:7:      grunt_ministairs_12, uniq_menkaure
D:8:      lemuel_doored_altar, due_lair_maze_entry_diamond, elyvilon_altar_5
D:9:      erik_orc_3, special_room, serial_shops, nicolae_shop_crystal
D:10:     minmay_gate_of_8, hangedman_little_slice_of_home
Temple:   regret_index_temple_waves
Lair:1:   patterned_corridor, minmay_lair_oklob_chamber
Lair:2:   elwin_shoals_entry_rocks, minmay_snake_entry_six_corridors,
          bobbens_dragon_lair_wall, uniq_nergalle
Orc:1:    uniq_snorg, uniq_maurice

Skill      XL: |  1  2  3  4  5  6  7  8  9 10 11 12 |
---------------+-------------------------------------+-----
Maces & Flails | 3 4 5 7 9 10 12 | 12.4
Fighting       | 4 5 6 7 8 9 10 | 10.1
Armour         | 4 5 6 7 8 9 10 | 10.2
Shields        | 4 5 6 7 8 10 | 10.2

Action                   |  1- 3 |  4- 6 |  7- 9 | 10-12 || total
-------------------------+-------+-------+-------+-------++-------
Melee: Flail             |   190 |   210 |   376 |   152 ||   928
       Morningstar       |       |       |       |   400 ||   400
Throw: Tomahawk          |       |     1 |       |    23 ||    24
Invok: Heroism           |       |       |       |    12 ||    12
Evoke: Wand              |       |       |     2 |     4 ||     6
  Use: Scroll            |       |       |     6 |     7 ||    13
       Potion            |       |       |       |     4 ||     4
 Stab: Paralysed         |       |       |     7 |       ||     7
  Eat: Chunk             |     3 |     7 |     9 |    16 ||    35
       Ration            |       |       |     1 |       ||     1
Armor: Scale mail        |   120 |   123 |   177 |   117 ||   537
       Chain mail        |       |       |       |   176 ||   176
Dodge: Dodged            |    74 |    60 |   103 |   146 ||   383
Block: Shield            |   109 |   134 |   161 |   352 ||   756

Table legend:
 A = Spawn XP
 B = Non-spawn XP
 C = Spawn XP percentage of total XP
 D = Spawn monster count
 E = Non-spawn monster count
 F = Spawn count percentage of total count
 G = Total turns spent on level
                    A         B        C        D         E        F      G
               +---------+---------+-------+---------+---------+-------+---------
         Total |       0 |   22009 |   0.0 |       0 |     323 |   0.0 | 12340
               +---------+---------+-------+---------+---------+-------+---------
           D:1 |       0 |      38 |   0.0 |       0 |      21 |   0.0 |   984
           D:2 |       0 |      56 |   0.0 |       0 |      27 |   0.0 |  1188
           D:3 |       0 |     226 |   0.0 |       0 |      35 |   0.0 |  1028
           D:4 |       0 |     481 |   0.0 |       0 |      23 |   0.0 |  1029
           D:5 |       0 |    1221 |   0.0 |       0 |      15 |   0.0 |  1144
           D:6 |       0 |     741 |   0.0 |       0 |      13 |   0.0 |   791
           D:7 |       0 |    1682 |   0.0 |       0 |      33 |   0.0 |   964
           D:8 |       0 |    3466 |   0.0 |       0 |      33 |   0.0 |  1255
           D:9 |       0 |    1927 |   0.0 |       0 |      60 |   0.0 |   998
          D:10 |       0 |    2522 |   0.0 |       0 |      22 |   0.0 |   808
        Lair:1 |       0 |    4077 |   0.0 |       0 |      12 |   0.0 |  1122
        Lair:2 |       0 |    5001 |   0.0 |       0 |      23 |   0.0 |   649
         Orc:1 |       0 |     571 |   0.0 |       0 |       6 |   0.0 |   222
               +---------+---------+-------+---------+---------+-------+---------
